 Dungeon Crawl Stone Soup version 0.28-a0-723-g095bd1b44f (webtiles) character file.

Game seed: 16955645494825343848

14398 rogsnak the Destroyer (level 12, -1/84 HPs)
             Began as a Barachi Earth Elementalist on Oct 25, 2021.
             Was an Elder of Sif Muna.
             Slain by a minotaur (12 damage)
             ... in a Gauntlet on Oct 26, 2021.
             The game lasted 01:03:22 (19349 turns).

rogsnak the Destroyer (Barachi Earth Elementalist) Turns: 19349, Time: 01:03:23

Health: -1/84      AC:  7    Str: 15    XL:     12   Next: 16%
Magic:  16/26      EV: 16    Int: 20    God:    Sif Muna [****..]
Gold:   1020       SH:  0    Dex: 20    Spells: 9/31 levels left

rFire   . . .      SeeInvis .   K - +2 dagger (venom)
rCold   . . .      Faith    .   (no shield)
rNeg    . . .      Spirit   .   L - +1 robe of Makhleb's Regard {Will+ Regen+}
rPois   .          Reflect  .   b - +1 hat {Will+}
rElec   .          Harm     .   (no cloak)
rCorr   .          Rampage  .   y - +1 pair of gloves
Will    ++...      NoTele   +   u - +0 pair of boots {Stlth+}
Stlth   ++++......              l - amulet of Zeudigur {RegenMP Slay+2 Stlth+}
HPRegen 1.24/turn               e - +6 ring of strength
MPRegen 0.45/turn               r - +6 ring of dexterity

@: unable to hop, hasted, very quick
A: amphibious, slowness 1, strong legs 1, +LOS
a: Hop, Renounce Religion, Channel Magic, Forget Spell, Divine Exegesis


You were in a Gauntlet.
You worshipped Sif Muna.
Sif Muna was greatly pleased with you.
You visited 2 branches of the dungeon, and saw 13 of its levels.
You also visited: Gauntlet.

You collected 1020 gold pieces.

Inventory:

Hand Weapons
 k - a +1 battleaxe of electrocution
 K - a +2 dagger of venom (weapon)
 Z - a +3 hand axe of freezing
Missiles
 c - 471 stones (quivered)
 t - 139 poisoned darts
 N - 2 throwing nets
Armour
 a - a +0 troll leather armour
 b - a +1 hat of willpower (worn)
 f - +0 steam dragon scales
 m - a +1 pair of boots of flying
 u - a +0 pair of boots of stealth (worn)
 y - a +1 pair of gloves (worn)
 z - the +1 chain mail of the Falcon {rC+ Int+7}
   (You found it on level 4 of the Dungeon)

   Int:       It affects your intelligence (+7).
   rC:        It protects you from cold.
 L - the +1 robe of Makhleb's Regard (worn) {Will+ Regen+}
   (You took it off an orc on level 6 of the Dungeon)

   Regen:     It increases your rate of health regeneration.
   Will:      It increases your willpower.
 O - the +2 robe of Depression {rC+ rN+ Dex+2}
   (You found it on level 6 of the Dungeon)

   Dex:       It affects your dexterity (+2).
   rC:        It protects you from cold.
   rN:        It protects you from negative energy.
Magical Staves
 Q - a staff of cold
Jewellery
 e - a +6 ring of strength (left hand)
 l - the amulet of Zeudigur (around neck) {RegenMP Slay+2 Stlth+}
   (You found it on level 10 of the Dungeon)

   [amulet of magic regeneration]

   It increases your rate of magic regeneration.
   Slay:      It affects your accuracy & damage with ranged weapons and melee
   (+2).
   Stlth:     It makes you more stealthy.
 q - an amulet of faith
 r - a +6 ring of dexterity (right hand)
 F - a ring of ice
Wands
 v - a wand of flame (38)
 P - a wand of acid (21)
 T - a wand of iceblast (25)
 U - a wand of mindburst (19)
 W - a wand of digging (9)
Scrolls
 h - 2 scrolls of enchant weapon {unknown}
 i - 2 scrolls of brand weapon {unknown}
 j - 5 scrolls of enchant armour {unknown}
 n - 4 scrolls of magic mapping {unknown}
 o - 4 scrolls of teleportation
 p - a scroll of amnesia
 J - a scroll of blinking
 S - a scroll of holy word
Potions
 d - a potion of berserk rage
 g - 4 potions of curing {unknown}
 s - 4 potions of might
 w - a potion of cancellation
 A - 3 potions of heal wounds {unknown}
 B - 3 potions of ambrosia {unknown}
 G - a potion of mutation
 R - a potion of magic
 V - 2 potions of resistance
Miscellaneous
 Y - a tin of tremorstones (2/2)


   Skills:
 + Level 4.5 Fighting
 + Level 5.9 Dodging
 - Level 2.0 Stealth
 + Level 10.1 Spellcasting
 * Level 12.4 Conjurations
 * Level 7.3 Summonings
 + Level 1.1 Transmutations
 + Level 8.9 Earth Magic
 + Level 1.7 Evocations


You had 9 spell levels left.
You knew the following spells:

 Your Spells              Type           Power      Damage    Failure   Level
a - Sandblast             Erth           90%        2d19      1%          1
b - Stone Arrow           Conj/Erth      100%       3d13      1%          3
c - Flame Wave            Conj/Fire      34%        3d7       5%          4
d - Summon Ice Beast      Ice/Summ       24%        N/A       16%         4
e - Iskenderun's Battles  Conj           56%        2d11      1%          5
f - Lee's Rapid Deconstr  Erth           22%        3d14*     4%          5

Your spell library contained the following spells:

 Spells                   Type           Power      Damage    Failure   Level
 Summon Small Mammal      Summ           100%       N/A       1%          1
 Passwall                 Tmut/Erth      25%        N/A       1%          2
 Animate Armour           Summ/Erth      84%        N/A       2%          4
 Petrify                  Tmut/Erth      30%        N/A       9%          4
 Corpse Rot               Necr/Air       20%        N/A       11%         2
 Poisonous Vapours        Pois/Air       20%        N/A       11%         2
 Scorch                   Fire           20%        2d6       11%         2
 Iron Shot                Conj/Erth      26%        9d6       13%         6
 Summon Lightning Spire   Summ/Air       24%        N/A       16%         4
 Fireball                 Conj/Fire      17%        3d9       16%         5
 Frozen Ramparts          Ice            20%        1d4       21%         3
 Orb of Destruction       Conj           28%        9d11      34%         7
 Summon Cactus Giant      Summ           19%        N/A       45%         6
 Ice Form                 Ice/Tmut       12%        N/A       50%         4
 Conjure Ball Lightning   Conj/Air       17%        3x3d6     63%         6
 Starburst                Conj/Fire      17%        6d6       63%         6
 Lehudib's Crystal Spear  Conj/Erth      26%        10d7      99%         8
 Ignition                 Fire           5%         3d4       100%        8
 Shatter                  Erth           22%        3d20*     100%        9


Dungeon Overview and Level Annotations

Branches:
Dungeon (12/15)            Temple (1/1) D:4            Lair (0/6) D:10
    Orc (0/2) D:11        Gauntlet (1/1)

Altars:
Ashenzari
Dithmenos
Elyvilon
Fedhas
Gozag
Hepliaklqana
Kikubaaqudgha
Makhleb
Nemelex Xobeh
Okawaru
Ru
Sif Muna
Trog
Uskayaw
Wu Jian
Xom
Yredelemnul
The Shining One
Beogh

Annotations:
D:4 3 runed translucent doors, KoroneIsBestGirl's ghost, amateur OpIE
D:6 3 runed translucent doors, ytrimaz's ghost, novice FoFi
D:11 1 runed translucent door Gauntlet 6 transporters


Innate Abilities, Weirdness & Mutations

You are amphibious.
You cover ground slowly.
You can hop short distances.
You have an extended range of vision and can be seen from far away.


Message History

Unknown command.
Your ice beast hits the minotaur.
Your ice beast freezes the minotaur!!
The minotaur is frozen!
Unknown command.
Unknown command.
Unknown command.
Unknown command.
Unknown command.
Unknown command.
Casting: Summon Ice Beast (dangerous; 16% risk of failure)
Confirm with . or Enter, or press ? or * to list all spells.
You don't know that spell.
Hop to where?
Press: ? - help, Dir - move target, p - minotaur Boing!
Unknown command.
Unknown command.
Unknown command.
Aiming: Corrosive Bolt
Press: ? - help, Shift-Dir - straight line, f - minotaur
Aim: a minotaur, wielding a +0 morningstar, wearing a +0 chain mail, wearing a +1 tower shield of reflection, wearing a ring of fire and quivering javelins (sparse dust, moderately wounded, ally target, 90% to hit)
The bolt of acid hits the minotaur.
The minotaur is heavily wounded.
The minotaur hits your battlesphere with a +0 morningstar!!
Your battlesphere is destroyed!
Unknown command.
Unknown command.
Aiming: Corrosive Bolt
Press: ? - help, Shift-Dir - straight line, p - minotaur The bolt of acid hits the minotaur!
The acid corrodes the minotaur!
The minotaur is heavily wounded.
The minotaur blocks your ice beast's attack.
Unknown command.
Unknown command.
Unknown command.
You feel yourself speed up.
The minotaur hits you with a +0 morningstar!
* * * LOW HITPOINT WARNING * * *
The minotaur gores you!
You die...

##≈.#..=©[[t#.###.©...#.≈##
##.#########.#########.##
#≈.....................≈#
#≈≈≈#≈≈≈#..∩.8.∩..#≈≈≈#≈≈≈#
##≈###≈###.......###≈###≈##
## ################### ##
#.................#
#.8.8.8.©.©.8.8.8.#
#.......@.........#
#####.###H###.#####
###.###Y###.###
#.............#
#.###.###.###.#
#.....Y.......#
#######H####### #.# ∩..


You could see a minotaur (corroded, ally target), a ghost crab and a friendly
ice beast (summoned).

Vanquished Creatures
  Gastronok (D:9)
  A hydra (D:11)
  A two-headed ogre (D:9)
  An obsidian statue (Gauntlet)
  2 manticores
  An unseen horror (D:11)
  A komodo dragon (D:10)
  A troll (D:9)
  A raiju (Gauntlet)
  3 hornets
  3 shadows
  A vampire (D:11)
  3 water elementals (D:11)
  6 yaks
  3 vampire mosquitoes (D:5)
  3 wraiths
  A wyvern (D:9)
  2 steam dragons
  2 acid dragons
  3 water moccasins
  A nameless horror (D:11)
  A sky beast (D:8)
  7 orc warriors
  A swamp drake (D:11)
  An ice beast (D:8)
  3 black bears
  4 ogres
  3 centaurs
  3 kobold brigands
  A gnoll sergeant (D:9)
  A scorpion (D:5)
  A water moccasin skeleton (D:4)
  11 killer bees
  4 wights (D:9)
  2 howler monkeys (D:9)
  4 centaur zombies
  8 hounds
  A bullfrog zombie (D:5)
  4 centaur skeletons
  6 orc priests
  2 gnoll shamans (D:9)
  3 jellies
  12 orc wizards
  2 iguanas (D:6)
  2 howler monkey zombies
  17 gnolls
  5 adders
  2 white imps (D:6)
  An adder skeleton (D:4)
  2 worms
  40 orcs
  4 ball pythons
  5 bats
  8 endoplasms
  6 giant cockroaches
  32 goblins
  37 hobgoblins
  2 quokkas
  5 frilled lizards
  33 kobolds
  9 rats
336 creatures vanquished.

Vanquished Creatures (collateral kills)
  A water elemental (D:11)
  3 yaks (D:11)
  A kobold brigand (D:11)
  2 kobolds (D:11)
7 creatures vanquished.

Vanquished Creatures (others)
  4 demonic plants (Gauntlet)
  30 plants
34 creatures vanquished.

Grand Total: 377 creatures vanquished

Notes
Turn   | Place    | Note
-------+----------+-------------------------------------------
     0 | D:1      | rogsnak the Barachi Earth Elementalist began the quest for
                  | the Orb.
     0 | D:1      | Reached XP level 1. HP: 13/13 MP: 3/3
   444 | D:1      | Reached XP level 2. HP: 5/19 MP: 5/5
  1554 | D:1      | Reached XP level 3. HP: 25/25 MP: 6/6
  1558 | D:1      | Learned a level 3 spell: Stone Arrow
  2239 | D:2      | Reached XP level 4. HP: 11/31 MP: 5/7
  2671 | D:2      | Reached skill level 1 in Fighting
  2759 | D:2      | Reached skill level 1 in Conjurations
  2977 | D:2      | Found a faded altar of an unknown god.
  3855 | D:3      | Reached XP level 5. HP: 37/37 MP: 7/9
  4866 | D:3      | Reached skill level 2 in Conjurations
  5602 | D:3      | Reached XP level 6. HP: 42/45 MP: 10/10
  6975 | D:4      | Identified the +1 chain mail of the Falcon {rC+ Int+7}
  7189 | D:4      | Found a runed translucent gate.
  7189 | D:4      | Found a runed translucent gate.
  7190 | D:4      | Found a runed translucent gate.
  7192 | D:4      | Found an opulent altar of Gozag.
  7194 | D:4      | Noticed KoroneIsBestGirl's ghost (amateur OpIE)
  7293 | D:4      | Noticed a black bear
  7457 | D:4      | Killed a black bear
  7458 | D:4      | Reached skill level 3 in Conjurations
  7458 | D:4      | Reached XP level 7. HP: 52/52 MP: 2/12
  7639 | D:4      | Found a staircase to the Ecumenical Temple.
  7652 | Temple   | Entered the Ecumenical Temple
  7660 | Temple   | Became a worshipper of Sif Muna the Loreminder
  7798 | D:5      | Entered Level 5 of the Dungeon
  7801 | D:5      | Got Cucloca's Incunabulum of Ashen Companions
  8004 | D:5      | Noticed a vampire mosquito
  8288 | D:5      | Reached skill level 4 in Conjurations
  8613 | D:5      | Reached skill level 5 in Earth Magic
  8613 | D:5      | Reached XP level 8. HP: 60/60 MP: 7/14
  8867 | D:5      | Reached skill level 5 in Conjurations
  9303 | D:5      | Reached skill level 5 in Dodging
  9303 | D:5      | Reached skill level 5 in Spellcasting
  9344 | D:6      | Noticed a wraith
  9430 | D:6      | Reached skill level 6 in Conjurations
  9485 | D:6      | Found a white marble altar of Elyvilon.
  9534 | D:6      | Identified the +1 robe of Makhleb's Regard {Will+ Regen+}
  9887 | D:6      | Noticed a shadow
  9927 | D:6      | Reached XP level 9. HP: 65/65 MP: 4/16
 10008 | D:6      | Learned a level 4 spell: Flame Wave
 10106 | D:6      | Found a runed translucent gate.
 10106 | D:6      | Found a runed translucent gate.
 10107 | D:6      | Found a runed translucent gate.
 10109 | D:6      | Noticed ytrimaz's ghost (novice FoFi)
 10112 | D:6      | Identified the +4 chain mail "Lotom" {Harm Dex+4}
 10570 | D:6      | Identified the +2 robe of Depression {rC+ rN+ Dex+2}
 10665 | D:7      | Reached skill level 7 in Conjurations
 10909 | D:7      | Reached * piety under Sif Muna
 11074 | D:7      | Learned a level 4 spell: Summon Ice Beast
 11427 | D:8      | Reached skill level 1 in Summonings
 12014 | D:8      | Noticed a hornet
 12090 | D:8      | Killed a hornet
 12091 | D:8      | Reached skill level 8 in Conjurations
 12305 | D:8      | Reached XP level 10. HP: 73/73 MP: 15/20
 12997 | D:9      | Learned a level 5 spell: Iskenderun's Battlesphere
 13658 | D:9      | Noticed Gastronok
 13775 | D:9      | Noticed a two-headed ogre
 13782 | D:9      | Killed a two-headed ogre
 13783 | D:9      | Reached skill level 9 in Conjurations
 14149 | D:9      | Reached ** piety under Sif Muna
 15828 | D:9      | Killed Gastronok
 15829 | D:9      | Reached skill level 10 in Conjurations
 15829 | D:9      | Reached skill level 1 in Evocations
 15996 | D:8      | Reached XP level 11. HP: 76/78 MP: 19/23
 16031 | D:9      | Reached skill level 5 in Summonings
 16246 | D:10     | Entered Level 10 of the Dungeon
 16246 | D:10     | Noticed a manticore
 16249 | D:10     | Killed a manticore
 16319 | D:10     | Identified a scroll of acquirement
 16326 | D:10     | Acquired the Reference Book on Burning Earth
 16334 | D:10     | Learned a level 5 spell: Lee's Rapid Deconstruction
 16379 | D:10     | Noticed a centaur warrior
 17133 | D:10     | Identified the amulet of Zeudigur {RegenMP Slay+2 Stlth+}
 17253 | D:10     | Found a staircase to the Lair.
 17435 | D:11     | Reached *** piety under Sif Muna
 17599 | D:11     | Reached skill level 11 in Conjurations
 17673 | D:11     | Found a runed translucent door.
 17680 | D:11     | Noticed a fire crab
 17944 | D:11     | Found a staircase to the Orcish Mines.
 18204 | D:11     | Noticed a four-headed hydra
 18209 | D:11     | Killed a four-headed hydra
 18539 | D:11     | Noticed a manticore
 18545 | D:11     | Killed a manticore
 18645 | D:11     | Reached **** piety under Sif Muna
 18871 | D:11     | Reached skill level 12 in Conjurations
 18873 | D:11     | Reached skill level 10 in Spellcasting
 18873 | D:11     | Reached XP level 12. HP: 84/84 MP: 18/26
 18945 | D:12     | Found a gate leading to a gauntlet.
 18993 | Gauntlet | Entered a Gauntlet
 18993 | Gauntlet | Found a transporter.
 18993 | Gauntlet | Found a transporter.
 18993 | Gauntlet | Found a runed translucent gate.
 18995 | Gauntlet | Found a transporter.
 18995 | Gauntlet | Found a transporter.
 18997 | Gauntlet | Found a runed translucent gate.
 18998 | Gauntlet | Found a runed translucent gate.
 18999 | Gauntlet | Found a transporter.
 18999 | Gauntlet | Found a transporter.
 19031 | Gauntlet | Found a transporter.
 19035 | Gauntlet | Found a transporter.
 19049 | Gauntlet | Found a transporter.
 19059 | Gauntlet | Found a transporter.
 19059 | Gauntlet | Noticed a ghost crab
 19073 | Gauntlet | Found a transporter.
 19077 | Gauntlet | Found a transporter.
 19337 | Gauntlet | Noticed a minotaur
 19349 | Gauntlet | Slain by a minotaur

Illustrated notes

Levels and vault maps discovered:
D:1:      dpeg_arrival_rhombus, layout_basic
D:2:      layout_basic, shapermc_ecumenical_altar_ellora, minmay_circle_x
D:3:      minmay_goblin_kobold_castle, layout_rooms, grunt_ministairs_13
D:4:      layout_basic, minmay_temple_entry_mist, ebering_ghost_gozag
D:5:      layout_loops_corners
D:6:      layout_rooms, mainiacjoe_overflow_cross_hatched,
          biasface_ghost_orc_armoury, lexackson_kobold_supper
D:7:      layout_cave_pools, due_unseen_surprise
D:8:      layout_loops_ring
D:9:      kennysheep_housing_project, layout_grid_maze, uniq_gastronok
D:10:     layout_irregular_city, david_lair_shrubbed
D:11:     gammafunk_mikee_crab_dinner, layout_irregular_city, erik_orc_1,
          st_stairs_2, nicolae_underground_beach
D:12:     minmay_box_of_curves, layout_rooms, gauntlet_entry_generic
Temple:   dpeg_three_leaves_temple
Gauntlet: minmay_gauntlet_77_indecision [minmay_gauntlet_arena_77_museum,
          minmay_gauntlet_arena_77_run_for_it, minmay_gauntlet_arena_77_box,
          minmay_gauntlet_arena_77_radiant_squares,
          minmay_gauntlet_arena_77_hold_the_fort,
          minmay_gauntlet_arena_77_p_blocks, gauntlet_exit_hidden_loot]

Skill      XL: |  1  2  3  4  5  6  7  8  9 10 11 12 |
---------------+-------------------------------------+-----
Stealth        | 2 |  2.0
Fighting       | 1 2 3 4 |  4.5
Dodging        | 3 4 5 |  5.9
Conjurations   | 1 2 3 4 6 8 10 12 | 12.4
Earth Magic    | 4 5 6 7 8 |  8.9
Spellcasting   | 3 4 5 7 8 10 | 10.1
Summonings     | 2 4 6 7 |  7.3
Evocations     | 1 |  1.7
Transmutations | |  1.1

Action                   |  1- 3 |  4- 6 |  7- 9 | 10-12 || total
-------------------------+-------+-------+-------+-------++-------
Melee: Dagger            |   144 |   176 |    50 |    35 ||   405
       Trident           |       |   133 |       |       ||   133
Throw: Dart              |       |     1 |       |       ||     1
       Javelin           |       |       |     3 |       ||     3
 Cast: Sandblast         |    13 |    19 |     3 |     3 ||    38
       Stone Arrow       |       |    29 |   109 |   191 ||   329
       Iskenderun's Batt |       |       |       |    82 ||    82
       Summon Ice Beast  |       |       |       |    13 ||    13
       Lee's Rapid Decon |       |       |       |     7 ||     7
 Abil: Hop               |       |     1 |     1 |     4 ||     6
Evoke: Wand              |       |       |     5 |     9 ||    14
  Use: Scroll            |       |       |     2 |    14 ||    16
       Potion            |       |       |       |     1 ||     1
 Stab: Sleeping          |     4 |     1 |       |       ||     5
       Distracted        |       |     1 |       |       ||     1
Armor: Robe              |    32 |    59 |    16 |    25 ||   132
Dodge: Dodged            |   100 |   180 |    56 |    64 ||   400

Table legend: (Time is in decaauts)
 A = Elapsed time spent in this place.
 B = Non-inter-level travel time spent in this place.
 C = Inter-level travel time spent in this place.
 D = Time resting spent in this place.
 E = Time spent auto-exploring this place.
 F = Levels seen in this place.
 G = Mean time per level.
                   A        B        C        D        E       F      G
               +--------+--------+--------+--------+--------+-----+--------+
         Total |  21213 |  20780 |    433 |   7378 |   4759 |  14 | 1515.2 |
       Dungeon |  20789 |  20356 |    433 |   7327 |   4759 |  12 | 1732.4 |
        Temple |     19 |     19 |      0 |      0 |      0 |   1 |   19.0 |
      Gauntlet |    404 |    404 |      0 |     51 |      0 |   1 |  404.0 |
               +--------+--------+--------+--------+--------+-----+--------+

Top non-repeatable levels by time:
     D:9: 3927 daAuts
     D:3: 3716 daAuts
     D:1: 1921 daAuts
     D:5: 1914 daAuts
     D:2: 1808 daAuts
    D:11: 1728 daAuts
     D:8: 1587 daAuts
     D:6: 1180 daAuts
    D:10: 1098 daAuts
     D:4: 1049 daAuts
     D:7: 806 daAuts
Gauntlet: 404 daAuts
    D:12: 50 daAuts
  Temple: 19 daAuts
